 Dungeon Crawl Stone Soup version 0.30-a0-49-g1cef19eb02 (webtiles) character file.

Game seed: 12740922203557147487

12049 Newt the Thrower (level 11, -1/81 HPs)
             Began as a Demonspawn Gladiator on Sept 1, 2022.
             Was a High Priest of Okawaru.
             Slain by an eight-headed hydra (6 damage)
             ... on level 2 of the Lair of Beasts on Sept 2, 2022.
             The game lasted 00:26:39 (12884 turns).

Newt the Thrower (Demonspawn Gladiator)            Turns: 12884, Time: 00:26:40

Health: -1/81      AC: 12    Str: 24    XL:     11   Next: 57%
Magic:  0/11       EV: 11    Int: 17    God:    Okawaru [*****.]
Gold:   523        SH:  6    Dex: 11    Spells: 10/10 levels left

rFire   . . .      SeeInvis .    Q - +4 scimitar (freeze)
rCold   . . .      Faith    .    L - +0 kite shield
rNeg    . . .      Spirit   +    M - +0 steam dragon scales
rPois   +          Reflect  .    (helmet restricted)
rElec   .          Harm     .    j - scarf {repulsion}
rCorr   +          Rampage  .    r - +1 pair of gloves {hurl}
Will    +....                    x - +0 pair of boots
Stlth   ++........               f - amulet of regeneration
HPRegen 1.03/turn                G - ring of Gait {Fly rPois rCorr Int+3 Dex-2}
MPRegen 0.24/turn                I - +6 ring of intelligence

@: flying, repel missiles
A: horns 2, slimy green scales 2, powered by death 1, magic shield, magic
regeneration, strong-willed 1, strong 1, subdued magic 1
a: Renounce Religion, Heroism, Finesse, Duel


You were on level 2 of the Lair of Beasts.
You worshipped Okawaru.
Okawaru was extremely pleased with you.
You visited 3 branches of the dungeon, and saw 13 of its levels.

You collected 603 gold pieces.
You spent 80 gold pieces at shops.

Inventory:

Hand Weapons
 a - a +1 rapier
 e - a +5 long sword
 s - a +0 whip
 A - a +2 dagger of venom
 C - a +4 great sword of freezing
 Q - a +4 scimitar of freezing (weapon)
Missiles
 d - 2 boomerangs (quivered)
 m - a silver javelin
 o - 23 poisoned darts
 B - 13 javelins
 R - a datura-tipped dart
 S - 31 stones
Armour
 b - a +0 leather armour
 c - a +0 helmet
 j - a scarf of repulsion (worn)
 r - a +1 pair of gloves of hurling (worn)
 x - a +0 pair of boots (worn)
 D - a +2 ring mail of willpower
 E - a +2 ring mail of fire resistance
 L - a +0 kite shield (worn)
 M - +0 steam dragon scales (worn)
 T - +0 acid dragon scales
Jewellery
 f - an amulet of regeneration (around neck)
 g - an amulet of the acrobat
 G - the ring of Gait (left hand) {Fly rPois rCorr Int+3 Dex-2}
   (You found it on level 7 of the Dungeon)

   [ring of flight]

   Int:       It affects your intelligence (+3).
   Dex:       It affects your dexterity (-2).
   rPois:     It protects you from poison.
   Fly:       It grants you flight.
   rCorr:     It protects you from acid and corrosion.
 I - a +6 ring of intelligence (right hand)
 N - a ring of flight
Wands
 w - a wand of mindburst (1)
 P - a wand of flame (25)
Scrolls
 i - 3 scrolls of amnesia
 k - a scroll of brand weapon
 p - 4 scrolls of fear
 y - a scroll of enchant weapon
 F - 3 scrolls of teleportation
 H - a scroll of enchant armour
 K - a scroll of poison
 O - 2 scrolls of noise
 U - a scroll of torment
 W - a scroll of blinking
 Y - a scroll of identify
Potions
 h - 3 potions of mutation
 l - a potion of invisibility
 n - a potion of magic
 q - 3 potions of curing
 t - 2 potions of brilliance
 u - 2 potions of haste
 v - 3 potions of lignification
 z - 3 potions of flight
 J - a potion of berserk rage {unknown}
 V - a potion of heal wounds


   Skills:
 - Level 6.0 Fighting
 - Level 2.6(6.6) Short Blades
 + Level 9.5(9.7) Long Blades
 - Level 10.0 Throwing
 - Level 5.0 Armour
 - Level 5.0 Dodging
 - Level 2.0 Stealth
 - Level 6.0 Evocations


You had 10 spell levels left.
You didn't know any spells.
Your spell library contained the following spells:

 Spells                   Type           Power      Damage    Failure   Level
 Freeze                   Ice            0%         1d3       61%         1
 Poisonous Vapours        Pois/Air       0%         N/A       75%         2
 Sublimation of Blood     Necr           0%         N/A       75%         2
 Frozen Ramparts          Ice            0%         1d1       93%         3
 Ozocubu's Armour         Ice            0%         N/A       93%         3
 Corpse Rot               Necr/Pois/Air  0%         N/A       100%        4
 Hailstorm                Conj/Ice       0%         3d3       100%        4
 Petrify                  Tmut/Erth      0%         N/A       100%        4
 Irradiate                Conj/Tmut      0%         3d11      100%        5
 Orb of Destruction       Conj           0%         9d5       100%        7
 Ozocubu's Refrigeration  Ice            0%         4d7       100%        7
 Summon Guardian Golem    Hex/Summ       Unusable   N/A       N/A         3
 Spellforged Servitor     Conj/Summ      Unusable   N/A       N/A         7

Dungeon Overview and Level Annotations

Branches:
Dungeon (10/15)            Temple (1/1) D:6            Lair (2/5) D:8
  Swamp: Lair:2-3    Shoals: Lair:2-3     Snake: Lair:2-3    Spider: Lair:2-3
    Orc: D:9-12

Altars:
Cheibriados
Hepliaklqana
Kikubaaqudgha
Okawaru
Qazlal
Ru
Trog
Vehumet
Wu Jian

Shops:
D:2 =   D:4 :[((*


Innate Abilities, Weirdness & Mutations

You have a pair of horns on your head.
You are mostly covered in slimy green scales. (AC +3)
You regenerate a little health from kills.
When hurt, damage is shared between your health and your magic reserves.
You regenerate magic rapidly.
You are strong-willed. (Will+)
Your muscles are strong. (Str +4, Int/Dex -1)
Your spells are a little easier to cast, but a little less powerful.


Message History

The eight-headed hydra is severely wounded.
The eight-headed hydra bites you!
* * * LOW HITPOINT WARNING * * *
The eight-headed hydra bites you but does no damage. x2
You block the eight-headed hydra's attack.
The eight-headed hydra closely misses you.
The eight-headed hydra bites you but does no damage.
The eight-headed hydra barely misses you.
You block the eight-headed hydra's attack.
Throw: 2 boomerangs
Press: ? - help, Q - select action, (/) - cycle Shift-Dir - straight line, f/p - eight-headed hydra
Aim: an eight-headed hydra (severely wounded, 83% to hit)
You throw a boomerang.
The boomerang hits the eight-headed hydra!
The eight-headed hydra is severely wounded.
The eight-headed hydra bites you.
* * * LOW HITPOINT WARNING * * *
The eight-headed hydra bites you but does no damage. x2
You block the eight-headed hydra's attack.
The eight-headed hydra bites you but does no damage. x2
The eight-headed hydra misses you. The eight-headed hydra bites you.
* * * LOW HITPOINT WARNING * * *
Throw: 2 javelins (silver)
Press: ? - help, Shift-Dir - straight line, f/p - eight-headed hydra
Aim: an eight-headed hydra (severely wounded, 83% to hit)
You throw a silver javelin.
The silver javelin barely misses the eight-headed hydra.
You block the eight-headed hydra's attack.
The eight-headed hydra bites you.
* * * LOW HITPOINT WARNING * * *
The eight-headed hydra bites you but does no damage.
The eight-headed hydra bites you!
* * * LOW HITPOINT WARNING * * *
The eight-headed hydra bites you.
* * * LOW HITPOINT WARNING * * *
The eight-headed hydra bites you.
* * * LOW HITPOINT WARNING * * *
You block the eight-headed hydra's attack.
The eight-headed hydra bites you!
You die...

.............(
.............
............
...........
........
#.....#
#..D..##
#$@....#
.......[.......
....##.........
..# #.....#.#.
P #......##
......##
.......
.........


You could see an eight-headed hydra.

Vanquished Creatures
  Pikel (D:7)
  Joseph (D:7)
  A demonic crawler (Lair:1)
  3 cane toads (Lair:1)
  5 komodo dragons
  Prince Ribbit (D:9)
  A slime creature (D:9)
  A wyvern (D:7)
  2 shadows
  A vampire (D:9)
  15 yaks
  5 steam dragons
  A basilisk (Lair:1)
  3 acid dragons (D:9)
  3 swamp worms (Lair:1)
  3 water moccasins (Lair:1)
  3 orc warriors (D:9)
  A sky beast (D:7)
  4 black bears
  2 ogres (D:5)
  4 centaurs
  A lemure (D:7)
  4 kobold brigands
  6 bullfrogs
  18 wights
  2 scorpions (D:5)
  A gnoll sergeant (D:7)
  6 howler monkeys
  An electric eel (D:8)
  A vampire bat (Lair:1)
  3 hounds
  3 jellies
  6 orc priests
  4 orc wizards
  11 gnolls
  4 adders
  2 white imps
  2 worms
  3 dart slugs
  12 orcs
  9 bats
  6 endoplasms
  5 giant cockroaches
  4 goblins
  2 hobgoblins (D:1)
  10 jackals
  22 kobolds
  5 quokkas
  9 ball pythons
  3 frilled lizards
  6 rats
232 creatures vanquished.

Vanquished Creatures (others)
  4 fungi
  17 plants
21 creatures vanquished.

Grand Total: 253 creatures vanquished

Notes
Turn   | Place    | Note
-------+----------+-------------------------------------------
     0 | D:1      | Newt the Demonspawn Gladiator began the quest for the Orb.
     0 | D:1      | Reached XP level 1. HP: 16/16 MP: 1/1
    39 | D:1      | Reached skill level 1 in Stealth
    59 | D:1      | Gained mutation: You have a pair of small horns on your
                  | head. [demonic ancestry]
    59 | D:1      | Reached XP level 2. HP: 17/22 MP: 2/2
   944 | D:2      | HP: 1/23 [poisoned by an adder]
   948 | D:2      | Reached XP level 3. HP: 2/28 MP: 3/3
  1638 | D:2      | You fall into a shaft and drop 2 floors!
  2073 | D:2      | Found Ypross's Jewellery Boutique.
  2304 | D:2      | Reached XP level 4. HP: 8/37 MP: 4/4
  3618 | D:3      | Reached skill level 2 in Throwing
  4354 | D:4      | Found Fosif's Antique Weapon Boutique.
  4359 | D:4      | Found Xeha's General Store.
  4403 | D:4      | Bought a potion of mutation for 80 gold pieces
  4403 | D:4      | Gained mutation: You are strong-willed. (Will+) [potion of
                  | mutation]
  4403 | D:4      | Gained mutation: Your spells are a little easier to cast,
                  | but a little less powerful. [potion of mutation]
  4403 | D:4      | Gained mutation: Your muscles are strong. (Str +4, Int/Dex
                  | -1) [potion of mutation]
  4517 | D:4      | Found Pougi's Book Boutique.
  4541 | D:4      | Found Aneroq's Antique Weapon Boutique.
  4607 | D:4      | Found Oggitiko's Antique Armour Emporium.
  4722 | D:5      | Entered Level 5 of the Dungeon
  4730 | D:5      | Noticed a centaur
  4740 | D:5      | Gained mutation: You regenerate a little health from kills.
                  | [demonic ancestry]
  4740 | D:5      | Reached XP level 5. HP: 28/42 MP: 5/5
  4754 | D:5      | Killed a centaur
  4755 | D:5      | Reached skill level 3 in Throwing
  5122 | D:5      | Reached skill level 4 in Throwing
  5122 | D:5      | Gained mutation: You have a pair of horns on your head.
                  | [demonic ancestry]
  5122 | D:5      | Reached XP level 6. HP: 19/48 MP: 6/6
  5528 | D:5      | Reached skill level 5 in Throwing
  5884 | D:5      | Found an ornate altar of the Wu Jian Council.
  5909 | D:5      | Reached skill level 6 in Throwing
  5909 | D:5      | Reached XP level 7. HP: 9/54 MP: 7/7
  6586 | D:6      | Reached skill level 7 in Throwing
  6759 | D:6      | Found a staircase to the Ecumenical Temple.
  6770 | Temple   | Entered the Ecumenical Temple
  6787 | Temple   | Became a worshipper of Warmaster Okawaru
  6805 | D:6      | Noticed a shadow
  6807 | D:6      | Killed a shadow
  6808 | D:6      | Reached skill level 8 in Throwing
  6808 | D:6      | Gained mutation: You regenerate magic rapidly. [demonic
                  | ancestry]
  6808 | D:6      | Reached XP level 8. HP: 60/60 MP: 8/8
  6886 | D:6      | Found an ancient bone altar of Kikubaaqudgha.
  6886 | D:6      | Found a stormy altar of Qazlal.
  7221 | D:7      | Reached skill level 9 in Throwing
  7261 | D:7      | Upgraded the game from 0.30-a0-46-g5a63ccc183 to
                  | 0.30-a0-49-g1cef19eb02
  7291 | D:7      | Reached * piety under Okawaru
  7339 | D:7      | Reached skill level 10 in Throwing
  7419 | D:7      | Reached skill level 1 in Long Blades
  7426 | D:7      | Noticed Pikel
  7462 | D:7      | Killed Pikel
  7462 | D:7      | Reached ** piety under Okawaru
  7463 | D:7      | Gained mutation: You are partially covered in slimy green
                  | scales. (AC +2) [demonic ancestry]
  7463 | D:7      | Reached XP level 9. HP: 61/65 MP: 9/9
  7490 | D:7      | Noticed Joseph
  7508 | D:7      | Killed Joseph
  7509 | D:7      | Reached skill level 5 in Long Blades
  7523 | D:7      | Identified the ring of Gait {Fly rPois rCorr Int+3 Dex-2}
  7875 | D:8      | Reached *** piety under Okawaru
  7876 | D:8      | Reached skill level 1 in Armour
  8287 | D:8      | Received a gift from Okawaru
  8406 | D:8      | Found a staircase to the Lair.
  8413 | D:8      | Gained mutation: You are mostly covered in slimy green
                  | scales. (AC +3) [demonic ancestry]
  8413 | D:8      | Reached XP level 10. HP: 56/71 MP: 10/10
  8650 | D:8      | Found a sacrificial altar of Ru.
  8652 | D:8      | Found a radiant altar of Vehumet.
  8847 | D:9      | Found a bloodstained altar of Trog.
  8855 | D:9      | Reached skill level 5 in Dodging
  8974 | D:9      | Reached skill level 5 in Armour
  9019 | D:9      | Reached skill level 1 in Evocations
  9179 | D:9      | Noticed Prince Ribbit
  9190 | D:9      | Killed Prince Ribbit
  9190 | D:9      | Received a gift from Okawaru
  9253 | D:9      | Reached **** piety under Okawaru
  9358 | D:9      | Noticed a sun demon
  9366 | D:9      | Reached skill level 5 in Evocations
 10454 | D:9      | Received a gift from Okawaru
 10455 | D:9      | Reached skill level 5 in Fighting
 10685 | D:10     | Entered Level 10 of the Dungeon
 10781 | D:10     | Gained mutation: When hurt, damage is shared between your
                  | health and your magic reserves. [demonic ancestry]
 10781 | D:10     | Reached XP level 11. HP: 34/81 MP: 11/11
 11002 | D:10     | Noticed a two-headed ogre
 11230 | Lair:1   | Entered Level 1 of the Lair of Beasts
 11247 | D:8      | Reached ***** piety under Okawaru
 11629 | Lair:1   | Received a gift from Okawaru
 11784 | Lair:1   | Received a gift from Okawaru
 12362 | Lair:1   | Received a gift from Okawaru
 12873 | Lair:2   | Noticed a five-headed hydra
 12884 | Lair:2   | Slain by an eight-headed hydra

Illustrated notes

Levels and vault maps discovered:
D:1:      dpeg_arrival_tiny_g, layout_rooms
D:2:      minmay_evil_eye, layout_loops_ring, serial_shops, nicolae_square_shop,
          chequers_big_river
D:3:      layout_basic
D:4:      layout_rooms, serial_shops, nicolae_shop_crystal,
          nicolae_shop_statue_plus, shop, shop, nicolae_shop_statue_plus
D:5:      layout_rooms, nicolae_wu_jian_wuxing_cycle,
          eino_small_chamber_without_monster, minmay_door_square
D:6:      layout_cave_pools, gammafunk_temple_overflow_pools,
          minmay_temple_entry_gardened_gates, chequers_mini_garden
D:7:      layout_rooms, uniq_menkaure, uniq_pikel, uniq_joseph
D:8:      layout_cave_pools, nicolae_overflow_two_pavilions, lair_entry_dummy
D:9:      layout_gridville, trog_ov_bears_minmay, grunt_tough_drop,
          uniq_prince_ribbit1
D:10:     layout_rooms, minmay_bent, uniq_maurice
Temple:   nicolae_temple_superstar
Lair:1:   layout_loops_ring, chequers_serial_rivers_micro_c, st_stairs_7,
          roderic_batcave, worms_lemuel, grunt_megastairs_2
Lair:2:   layout_regular_city, minmay_swamp_entry_worms, st_stairs_3,
          serial_bayou_shore_b

Skill      XL: |  1  2  3  4  5  6  7  8  9 10 11 |
---------------+----------------------------------+-----
Stealth        | 1 2 |  2.0
Fighting       | 3 4 6 |  6.0
Throwing       | 2 4 6 8 10 | 10.0
Long Blades    | 4 5 6 9 |  9.5
Armour         | 3 5 |  5.0
Dodging        | 4 5 |  5.0
Evocations     | 6 |  6.0
Short Blades   | |  2.6

Action                   |  1- 3 |  4- 6 |  7- 9 | 10-12 || total
-------------------------+-------+-------+-------+-------++-------
Melee: Rapier            |   111 |    96 |    84 |       ||   291
       Headbutt          |    17 |    22 |    43 |    81 ||   163
       Punch             |     1 |     1 |     2 |       ||     4
       Dagger            |       |       |    88 |       ||    88
       Great sword       |       |       |    54 |    13 ||    67
       Scimitar          |       |       |       |   385 ||   385
Throw: Throwing net      |     3 |     7 |       |     7 ||    17
       Stone             |       |    46 |     4 |       ||    50
       Javelin           |       |     4 |    34 |    41 ||    79
       Dart              |       |       |     5 |     3 ||     8
       Boomerang         |       |       |       |     6 ||     6
Evoke: Wand              |       |       |       |     4 ||     4
  Use: Scroll            |     4 |    10 |     1 |     8 ||    23
       Potion            |     1 |     1 |       |     4 ||     6
 Stab: Sleeping          |     4 |     2 |     1 |       ||     7
       Held in net/web   |     1 |       |       |     2 ||     3
Armor: Leather armour    |    33 |    26 |    79 |       ||   138
       Steam dragon scal |       |       |     2 |   243 ||   245
Dodge: Dodged            |    72 |    76 |   186 |   268 ||   602
       Repelled          |     3 |     2 |     3 |     4 ||    12
Block: Kite shield       |       |       |       |   195 ||   195

Table legend: (Time is in decaauts)
 A = Elapsed time spent in this place.
 B = Non-inter-level travel time spent in this place.
 C = Inter-level travel time spent in this place.
 D = Time resting spent in this place.
 E = Time spent auto-exploring this place.
 F = Levels seen in this place.
 G = Mean time per level.
                   A        B        C        D        E       F      G
               +--------+--------+--------+--------+--------+-----+--------+
         Total |  13037 |  12332 |    705 |   3778 |   6136 |  13 | 1002.8 |
       Dungeon |  11529 |  10850 |    679 |   3420 |   5461 |  10 | 1152.9 |
        Temple |     26 |     21 |      5 |      0 |      6 |   1 |   26.0 |
          Lair |   1481 |   1460 |     21 |    358 |    669 |   2 |  740.5 |
               +--------+--------+--------+--------+--------+-----+--------+

Top non-repeatable levels by time:
     D:2: 2431 daAuts
     D:9: 1857 daAuts
     D:5: 1814 daAuts
  Lair:1: 1310 daAuts
     D:8: 1208 daAuts
     D:3: 1170 daAuts
     D:7: 906 daAuts
     D:1: 674 daAuts
     D:6: 650 daAuts
     D:4: 472 daAuts
    D:10: 344 daAuts
  Lair:2: 170 daAuts
  Temple: 26 daAuts
